Map: 어스름 탑

Players

llllIIIllllI

  • Race: Protoss Protoss
  • League: Grandmaster

llllllllllll (Scarlett) - Winner!

  • Race: Zerg Zerg
  • League: Grandmaster

VOD

Have the link to the VOD?

Description

Time

  • Played on: April 10, 2016, 3:27 a.m.
  • Length: 7:43
Show
View Real Time Build Order
Export as new Build Order

llllIIIllllI Protoss 

Build Orders: Nexus First, Phoenix Opening 

Get SALT Encoding   

  12  0:01  Probe (Chrono Boost)  
  13  0:11  Probe (Chrono Boost)  
  14  0:17  Pylon  
  14  0:22  Probe (Chrono Boost)  
  16  0:35  Probe (Chrono Boost)  
  16  0:46  Probe (Chrono Boost)  
  17  0:57  Nexus  
  17  1:03  Probe (Chrono Boost)  
  18  1:10  Gateway  
  18  1:14  Probe (Chrono Boost)  
  19  1:21  Assimilator  
  19  1:25  Probe (Chrono Boost)  
  20  1:27  Assimilator  
  20  1:35  Probe (Chrono Boost)  
  20  1:39  Gateway  
  21  1:46  Probe (Chrono Boost)  
  22  1:56  Probe (Chrono Boost)  
  22  1:57  Cybernetics Core  
  23  2:09  Probe (Chrono Boost)  
  23  2:10  Probe (Chrono Boost)  
  23  2:14  Pylon  
  25  2:19  Probe (Chrono Boost)  
  25  2:20  Probe (Chrono Boost)  
  27  2:30  Probe (Chrono Boost)  
  27  2:31  Probe (Chrono Boost)  
  27  2:34  Adept x2 (Chrono Boost)  
  33  2:37  Warp Gate  
  33  2:41  Probe  
  33  2:42  Probe  
  35  2:50  Stargate  
  35  2:55  Probe x2 (Chrono Boost)  
  37  3:03  Adept x2  
  41  3:08  Probe (Chrono Boost)  
  41  3:09  Probe (Chrono Boost)  
  43  3:16  Pylon  
  43  3:19  Probe (Chrono Boost)  
  44  3:20  Probe (Chrono Boost)  
  44  3:24  Pylon  
  45  3:35  Phoenix (Chrono Boost)  
  45  3:37  Mothership Core  
  45  3:38  Probe  
  50  3:46  Nexus  
  50  3:50  Probe  
  51  3:56  Probe  
  51  3:57  Phoenix (Chrono Boost)  
  54  4:03  Probe  
  54  4:08  Gateway  
  54  4:09  Gateway  
  55  4:13  Probe  
  55  4:15  Probe  
  57  4:17  Twilight Council  
  57  4:20  Phoenix (Chrono Boost)  
  59  4:25  Pylon  
  59  4:31  Probe  
  59  4:32  Probe  
  59  4:34  Assimilator  
  61  4:40  Gateway x2  
  61  4:44  Gateway  
  61  4:45  Phoenix (Chrono Boost)  
  61  4:52  Probe x2  
  64  4:57  Resonating Glaives (Chrono Boost)  
  65  5:00  Probe  
  65  5:03  Adept  
  68  5:10  Probe  
  68  5:11  Probe  
  68  5:12  Assimilator  
  70  5:15  Robotics Facility, Probe  
  70  5:18  Pylon  
  70  5:19  Adept  
  73  5:23  Adept  
  73  5:24  Adept  
  73  5:27  Probe  
  73  5:28  Probe  
  78  5:32  Probe  
  78  5:33  Pylon, Phoenix  
  80  5:41  Adept  
  84  5:46  Pylon, Adept x2  
  84  5:49  Pylon  
  88  5:51  Adept  
  90  5:58  Warp Prism (Chrono Boost)  
  90  6:00  Adept x3  
  90  6:04  Phoenix  
  98  6:10  Adept  
  102  6:11  Adept  
  102  6:17  Adept x2  
  108  6:20  Pylon  
  108  6:22  Adept  
  110  6:34  Phoenix  
  110  6:35  Adept x3  
  110  6:37  Pylon  
  116  6:57  Adept x3  
  116  6:58  Adept x4  
  92  7:19  Adept x4  
  92  7:20  Adept x3  
Show
View Real Time Build Order
Export as new Build Order

llllllllllll Zerg - Winner!

Build Orders: 3 Hatch before Pool 

Get SALT Encoding   

  12  0:00  Drone  
  13  0:09  Drone  
  14  0:17  Overlord  
  14  0:23  Extractor  
  14  0:25  Drone  
  15  0:37  Drone x2  
  17  0:51  Hatchery  
  17  0:56  Drone  
  17  0:59  Drone  
  18  1:09  Drone  
  19  1:23  Hatchery  
  18  1:28  Drone x2  
  20  1:39  Spawning Pool  
  19  1:45  Drone  
  20  1:49  Drone  
  21  1:59  Drone  
  22  2:04  Drone  
  23  2:12  Drone  
  24  2:21  Overlord  
  24  2:23  Drone  
  24  2:29  Queen  
  27  2:32  Zergling x2  
  27  2:35  Queen  
  27  2:36  Queen  
  32  2:39  Drone x3  
  35  2:47  Overlord  
  35  2:48  Drone x2  
  37  2:53  Drone  
  38  2:59  Overlord  
  38  3:04  Queen  
  40  3:07  Zergling x4  
  40  3:10  Zergling x2  
  40  3:11  Zergling x2, Queen  
  46  3:14  Extractor  
  46  3:15  Extractor  
  44  3:20  Drone, Overlord  
  44  3:21  Drone  
  46  3:28  Drone  
  47  3:36  Drone x3  
  50  3:43  Drone x5  
  55  3:49  Overlord  
  55  3:50  Drone x5  
  60  3:56  Overlord  
  60  3:59  Overlord  
  60  4:03  Metabolic Boost  
  60  4:04  Drone x2  
  60  4:07  Drone  
  63  4:10  Extractor  
  63  4:11  Extractor  
  63  4:12  Drone  
  63  4:13  Drone x3  
  65  4:17  Drone x4  
  65  4:20  Drone x2  
  71  4:30  Lair  
  71  4:34  Overlord x2  
  71  4:35  Drone  
  71  4:36  Drone x3  
  75  4:43  Queen x2  
  79  4:47  Evolution Chamber  
  79  4:49  Evolution Chamber  
  77  4:53  Drone  
  77  4:54  Drone x5  
  77  4:59  Spore Crawler  
  82  5:04  Drone x2, Overlord  
  82  5:05  Drone x3  
  87  5:15  Zerg Melee Weapons Level 1, Zerg Missile Weapons Level 1  
  87  5:17  Drone x3  
  87  5:19  Baneling Nest, Overlord  
  89  5:27  Extractor x2  
  87  5:28  Spore Crawler  
  87  5:32  Drone, Hydralisk Den  
  86  5:36  Hatchery  
  86  5:38  Spore Crawler  
  84  5:43  Drone x3  
  84  5:44  Spore Crawler  
  84  5:45  Drone x7  
  93  5:55  Drone  
  93  5:56  Drone x3  
  97  5:58  Zergling x2  
  97  5:59  Zergling x6  
  97  6:03  Centrifical Hooks  
  97  6:04  Overlord  
  101  6:09  Lurker Den  
  101  6:11  Overseer, Pneumatized Carapace  
  101  6:12  Overseer x2  
  101  6:15  Hydralisk x2  
  101  6:16  Overlord x2  
  101  6:17  Overlord  
  105  6:27  Hydralisk x5  
  111  6:40  Baneling x10  
  111  6:41  Hydralisk x3  
  111  6:42  Zergling x6  
  119  6:47  Hydralisk x2  
  119  6:48  Zergling x4  
  119  6:49  Spore Crawler  
  124  7:00  Hydralisk  
  124  7:01  Zergling x12  
  117  7:12  Hydralisk x7  
  117  7:14  Zergling x2  
  121  7:17  Hydralisk  
Tags
 
Add a new tag
Caveats
  • Supply blocks, unpowered buildings, or Contaminate may cause inaccurate times.
  • Supply counts are checked every 10 seconds.